 Dungeon Crawl Stone Soup version 0.30-a0-622-gddc90eaa04 (webtiles) character file.

Game seed: 7083393512320983745

714 testman the Slasher (level 7, -3/41 (56) HPs)
             Began as a Gnoll Reaver on Jan 10, 2023.
             Was a Believer of Uskayaw.
             Slain by an ice beast (8 damage)
             ... on level 5 of the Dungeon.
             The game lasted 00:12:24 (3972 turns).

testman the Slasher (Gnoll Reaver)                  Turns: 3972, Time: 00:12:25

HP:   -3/41 (56)    AC:  0    Str: 11    XL:     7   Next: 69%
MP:   10/15         EV: 13    Int: 15    God:    Uskayaw [**....]
Gold: 324           SH:  0    Dex: 10    Spells: 14/17 levels left

rFire   . . .      SeeInvis .    y - +3 quarterstaff (chaos)
rCold   . . .      Faith    .    (shield currently unavailable)
rNeg    . . .      Spirit   .    b - +0 leather armour
rPois   .          Reflect  .    (no helmet)
rElec   .          Harm     .    x - +0 cloak {rCorr}
rCorr   +          Rampage  .    (no gloves)
Will    .....                    (no boots)
Stlth   ++                       u - amulet of regeneration
HPRegen 1.06/turn                (no ring)
MPRegen 0.14/turn                (no ring)

@: corroded, very heavily drained
A: fangs 1, strong nose, distributed training
a: Renounce Religion, Stomp, Line Pass


You were on level 5 of the Dungeon.
You worshipped Uskayaw.
Uskayaw was noncommittal.
You visited 1 branch of the dungeon, and saw 5 of its levels.

You collected 324 gold pieces.

Inventory:

Hand Weapons
 a - a +0 falchion
 f - a +0 vampiric whip
 l - a +1 dagger of speed
 v - a +0 heavy dire flail
 y - a +3 quarterstaff of chaos (weapon)
Missiles
 g - 8 poisoned darts
 q - a boomerang
Armour
 b - a +0 leather armour (worn)
 x - a +0 cloak of preservation (worn)
Jewellery
 u - an amulet of regeneration (around neck)
Scrolls
 c - 2 scrolls of fear {unknown}
 d - 2 scrolls of torment {unknown}
 e - 4 scrolls of amnesia {unknown}
 i - a scroll of immolation {unknown}
 j - a scroll of identify {unknown}
 m - 2 scrolls of fog {unknown}
 p - 2 scrolls of blinking {unknown}
 s - a scroll of brand weapon {unknown}
 t - a scroll of enchant armour {unknown}
 w - a scroll of poison {unknown}
Potions
 h - a potion of attraction {unknown}
 k - 4 potions of curing {unknown}
 n - a potion of flight {unknown}
 o - a potion of lignification {unknown}
 r - 2 potions of haste {unknown}


   Skills:
 + Level 5.4 Fighting
 + Level 2.7 Short Blades
 + Level 7.1 Long Blades
 + Level 2.7 Axes
 + Level 2.7 Maces & Flails
 + Level 2.7 Polearms
 + Level 2.7 Staves
 + Level 2.7 Ranged Weapons
 + Level 2.7 Throwing
 + Level 2.7 Armour
 + Level 5.4 Dodging
 + Level 2.7 Stealth
 + Level 2.7 Shields
 + Level 2.7 Unarmed Combat
 + Level 5.7 Spellcasting
 + Level 5.9 Conjurations
 + Level 2.2 Hexes
 + Level 2.2 Summonings
 + Level 2.2 Necromancy
 + Level 2.2 Translocations
 + Level 2.2 Transmutations
 + Level 2.2 Fire Magic
 + Level 2.2 Ice Magic
 + Level 2.2 Air Magic
 + Level 2.2 Earth Magic
 + Level 2.2 Poison Magic
 + Level 3.0 Invocations
 + Level 2.7 Evocations


You had 14 spell levels left.
You knew the following spells:

 Your Spells              Type           Power      Damage    Failure   Level
a - Kiss of Death         Conj/Necr      64%        2d10      3%          1
b - Momentum Strike       Conj/Tloc      32%        3d8       5%          2

Your spell library contained the following spells:

 Spells                   Type           Power      Damage    Failure   Level
 Hailstorm                Conj/Ice       16%        3d6       11%         3
 Ice Form                 Ice/Tmut       11%        N/A       58%         4
 Leda's Liquefaction      Hex/Erth       5%         N/A       58%         4
 Lee's Rapid Deconstruct  Erth           5%         3d6*      91%         5
 Simulacrum               Ice/Necr       5%         N/A       100%        6
 Statue Form              Tmut/Erth      7%         N/A       100%        6
 Malign Gateway           Summ/Tloc      5%         N/A       100%        7
 Summon Horrible Things   Summ           5%         N/A       100%        8


Dungeon Overview and Level Annotations

Branches:
Dungeon (5/15)             Temple (0/1) D:4

Altars:
Gozag
Nemelex Xobeh
Uskayaw
Wu Jian

Shops:
D:2 :


Innate Abilities, Weirdness & Mutations

You have very sharp teeth.
Your uncanny sense of smell can sniff out nearby items.
Your experience applies equally to all skills.


Message History

You can now pass through a line of other dancers.
You are too injured to fight recklessly!
You barely miss the jelly.
The jelly is severely wounded.
The jelly closely misses you.
You hit the jelly.
The jelly suddenly seems more agile.
Your hands burn!
The jelly is almost dead.
The jelly hits you.
You are splashed with acid.
You resist.
You hit the jelly.
You kill the jelly!
Casting: Momentum Strike (safe; 5% risk of failure)
Confirm with . or Enter, or press ? or * to list all spells.
Aiming: Kiss of Death (safe; 3% risk of failure)
Press: ? - help, Shift-Dir - straight line, f - ice beast
Aim: an ice beast (100% to hit)
The negative energy hits the ice beast!
The ice beast is drained!
The ice beast is heavily wounded.
You feel drained. The ice beast hits you. The ice beast freezes you.
* * * LOW HITPOINT WARNING * * *
Uskayaw will force your foes to helplessly watch your dance.
Uskayaw prepares the audience for your solo!
Okay, then.
The helpless ice beast fails to defend itself.
You hit the ice beast but do no damage.
The ice beast easily resists.
The ice beast is heavily wounded.
The helpless ice beast fails to defend itself.
You hit the ice beast but do no damage.
Nothing appears to happen.
The ice beast is heavily wounded.
The ice beast is no longer paralysed.
The ice beast barely misses you. The ice beast hits you.
* * * LOW HITPOINT WARNING * * *
The ice beast freezes you!
* * * LOW HITPOINT WARNING * * *
Aiming: Line Pass
Press: ? - help, Dir - move target, p - ice beast The ice beast appears confused.
The ice beast seems less confused.
The ice beast hits you.
* * * LOW HITPOINT WARNING * * *
The ice beast freezes you!
You die...

.......# ......
..[....# #......
......## .......
.....## ##...... ....##
###...# ..#..#
###...###
.##..#######...##..###
##......##...###.....##
#...####...####Y@.....#
..### ##..# #........#
### #..##.........# #
##.##.........# #
#..#.....!..##
##.#<.......#
#.########## #..# ##.+
∆


You could see an ice beast (fast, drained).

Vanquished Creatures
  Edmund (D:4)
  An ogre (D:4)
  A necrophage (D:5)
  A scorpion (D:4)
  A howler monkey (D:4)
  A jelly (D:5)
  3 hounds (D:4)
  An orc priest (D:4)
  Crazy Yiuf (D:5)
  Jessica (D:2)
  An iguana (D:4)
  3 adders
  An ufetubus (D:5)
  A dart slug (D:1)
  8 orcs
  6 endoplasms
  4 giant cockroaches
  8 goblins
  10 hobgoblins
  6 kobolds
  A quokka (D:4)
  8 ball pythons
  5 bats
  3 frilled lizards (D:1)
  3 rats (D:3)
80 creatures vanquished.

Notes
Turn   | Place    | Note
-------+----------+-------------------------------------------
     0 | D:1      | testman the Gnoll Reaver began the quest for the Orb.
     0 | D:1      | Reached XP level 1. HP: 20/20 MP: 6/6
    36 | D:1      | Found a faded altar of an unknown god.
    49 | D:1      | Prayed at the altar of an unknown god.
    49 | D:1      | Became a worshipper of Uskayaw the Reveller
    49 | D:1      | Reached * piety under Uskayaw
   100 | D:1      | Reached ** piety under Uskayaw
   128 | D:1      | Reached XP level 2. HP: 25/26 MP: 7/7
   717 | D:1      | Learned a level 2 spell: Momentum Strike
   925 | D:1      | Reached skill level 5 in Spellcasting
   925 | D:1      | Reached XP level 3. HP: 30/31 MP: 7/9
  1077 | D:2      | Found Ridisuam's Book Shoppe.
  1142 | D:2      | Reached skill level 1 in Invocations
  1234 | D:2      | Noticed Jessica
  1246 | D:2      | Reached skill level 1 in Short Blades
  1246 | D:2      | Reached skill level 1 in Axes
  1246 | D:2      | Reached skill level 1 in Maces & Flails
  1246 | D:2      | Reached skill level 1 in Polearms
  1246 | D:2      | Reached skill level 1 in Staves
  1246 | D:2      | Reached skill level 1 in Ranged Weapons
  1246 | D:2      | Reached skill level 1 in Throwing
  1246 | D:2      | Reached skill level 1 in Armour
  1246 | D:2      | Reached skill level 1 in Stealth
  1246 | D:2      | Reached skill level 1 in Shields
  1246 | D:2      | Reached skill level 1 in Unarmed Combat
  1246 | D:2      | Reached skill level 1 in Evocations
  1248 | D:2      | Killed Jessica
  1249 | D:2      | Reached XP level 4. HP: 34/38 MP: 7/11
  1298 | D:2      | Reached skill level 1 in Hexes
  1298 | D:2      | Reached skill level 1 in Summonings
  1298 | D:2      | Reached skill level 1 in Necromancy
  1298 | D:2      | Reached skill level 1 in Translocations
  1298 | D:2      | Reached skill level 1 in Transmutations
  1298 | D:2      | Reached skill level 1 in Fire Magic
  1298 | D:2      | Reached skill level 1 in Ice Magic
  1298 | D:2      | Reached skill level 1 in Air Magic
  1298 | D:2      | Reached skill level 1 in Earth Magic
  1298 | D:2      | Reached skill level 1 in Poison Magic
  2399 | D:4      | Reached *** piety under Uskayaw
  2402 | D:4      | Reached XP level 5. HP: 30/43 MP: 12/12
  2413 | D:4      | Reached **** piety under Uskayaw
  2420 | D:4      | Reached ***** piety under Uskayaw
  2445 | D:4      | Reached XP level 6. HP: 8/48 MP: 8/13
  2451 | D:3      | HP: 2/48 [poisoned by a scorpion]
  2627 | D:4      | Reached skill level 5 in Fighting
  2627 | D:4      | Reached skill level 5 in Dodging
  3167 | D:4      | Found an opulent altar of Gozag.
  3187 | D:4      | Noticed Edmund
  3231 | D:4      | Killed Edmund
  3232 | D:4      | Reached skill level 7 in Long Blades
  3232 | D:4      | Reached XP level 7. HP: 27/56 MP: 10/15
  3418 | D:4      | Found a staircase to the Ecumenical Temple.
  3488 | D:5      | Entered Level 5 of the Dungeon
  3595 | D:5      | Found a sparkling altar of Nemelex Xobeh.
  3641 | D:5      | Found an ornate altar of the Wu Jian Council.
  3834 | D:5      | Found a runed translucent door.
  3835 | D:5      | Noticed Crazy Yiuf
  3846 | D:5      | Killed Crazy Yiuf
  3972 | D:5      | Slain by an ice beast

Illustrated notes

Levels and vault maps discovered:
D:1:      ebering_trefoil_3fold, layout_loops_corners, basic_ecumenical_altar,
          minmay_3d_cube
D:2:      layout_rooms, serial_shops, nicolae_shop_stone, uniq_jessica
D:3:      layout_loops_cross, minmay_misc_feat_doors, grunt_decor_arrowhead,
          grunt_ministairs_2
D:4:      layout_rooms, nicolae_gozag_cash_rules_everything_around_me,
          minmay_temple_entry_drinking_statues, minmay_stone_trees_small,
          roderic_roman_lattice, uniq_edmund
D:5:      layout_cave_pods, lemuel_doored_altar,
          nemelex_xobeh_ov_fountains_minmay, kennysheep_cluttered_room,
          dk_noncrumbling_2, uniq_crazy_yiuf_cottage

Skill      XL: |  1  2  3  4  5  6  7 |
---------------+----------------------+-----
Spellcasting   | 5 |  5.7
Invocations    | 1 2 3 |  3.0
Short Blades   | 1 2 |  2.7
Axes           | 1 2 |  2.7
Maces & Flails | 1 2 |  2.7
Polearms       | 1 2 |  2.7
Staves         | 1 2 |  2.7
Ranged Weapons | 1 2 |  2.7
Throwing       | 1 2 |  2.7
Armour         | 1 2 |  2.7
Stealth        | 1 2 |  2.7
Shields        | 1 2 |  2.7
Unarmed Combat | 1 2 |  2.7
Evocations     | 1 2 |  2.7
Hexes          | 1 2 |  2.2
Summonings     | 1 2 |  2.2
Necromancy     | 1 2 |  2.2
Translocations | 1 2 |  2.2
Transmutations | 1 2 |  2.2
Fire Magic     | 1 2 |  2.2
Ice Magic      | 1 2 |  2.2
Air Magic      | 1 2 |  2.2
Earth Magic    | 1 2 |  2.2
Poison Magic   | 1 2 |  2.2
Fighting       | 5 |  5.4
Dodging        | 5 |  5.4
Long Blades    | 7 |  7.1
Conjurations   | |  5.9

Action                   |  1- 3 |  4- 6 |  7- 9 || total
-------------------------+-------+-------+-------++-------
Melee: Falchion          |    91 |    54 |       ||   145
       Bite              |     6 |    25 |     7 ||    38
       Whip              |       |     9 |       ||     9
       Dagger            |       |   150 |    59 ||   209
       Punch             |       |     6 |     3 ||     9
       Quarterstaff      |       |       |     8 ||     8
Throw: Dart              |       |     7 |       ||     7
 Cast: Kiss of Death     |       |     1 |     2 ||     3
       Momentum Strike   |       |       |     1 ||     1
Invok: Stomp             |     2 |     2 |     2 ||     6
       Line Pass         |       |     1 |     2 ||     3
 Stab: Sleeping          |       |     3 |       ||     3
       Paralysed         |       |     5 |     2 ||     7
       Confused          |       |       |     1 ||     1
Armor: Leather armour    |    36 |    27 |     3 ||    66
Dodge: Dodged            |    69 |   104 |    23 ||   196

Table legend: (Time is in decaauts)
 A = Elapsed time spent in this place.
 B = Non-inter-level travel time spent in this place.
 C = Inter-level travel time spent in this place.
 D = Time resting spent in this place.
 E = Time spent auto-exploring this place.
 F = Levels seen in this place.
 G = Mean time per level.
                   A        B        C        D        E       F      G
               +--------+--------+--------+--------+--------+-----+--------+
         Total |   3873 |   3792 |     81 |    376 |   2776 |   5 |  774.6 |
       Dungeon |   3873 |   3792 |     81 |    376 |   2776 |   5 |  774.6 |
               +--------+--------+--------+--------+--------+-----+--------+

Top non-repeatable levels by time:
     D:1: 1069 daAuts
     D:3: 1008 daAuts
     D:4: 676 daAuts
     D:2: 659 daAuts
     D:5: 459 daAuts
